 Dungeon Crawl Stone Soup version 0.30-a0-341-g682706514a (webtiles) character file.

Game seed: 6399244797705184512

81 retardedninja the Trooper (level 4, 0/41 HPs)
             Began as a Hill Orc Fighter on Nov 3, 2022.
             Slain by a gnoll
             ... wielding a +0 halberd
              (11 damage)
             ... on level 3 of the Dungeon.
             The game lasted 00:02:09 (1927 turns).

retardedninja the Trooper (Hill Orc Fighter)        Turns: 1927, Time: 00:02:09

Health: 0/41       AC:  8    Str: 20    XL:     4   Next: 42%
Magic:  4/4        EV:  9    Int:  8    God:
Gold:   91         SH:  4    Dex: 10    Spells: 3/3 levels left

rFire   . . .      SeeInvis .    a - +0 war axe
rCold   . . .      Faith    .    c - +0 buckler
rNeg    . . .      Spirit   .    b - +0 scale mail
rPois   .          Reflect  .    (no helmet)
rElec   .          Harm     .    g - +0 cloak
rCorr   .          Rampage  .    (no gloves)
Will    .....                    (no boots)
Stlth   ..........               (no amulet)
HPRegen 0.26/turn                (no ring)
MPRegen 0.09/turn                (no ring)

@: no status effects
A: no striking features
a: no special abilities


You were on level 3 of the Dungeon.
You visited 1 branch of the dungeon, and saw 3 of its levels.

You collected 91 gold pieces.

Inventory:

Hand Weapons
 a - a +0 war axe (weapon)
Missiles
 n - a throwing net (quivered)
Armour
 b - a +0 scale mail (worn)
 c - a +0 buckler (worn)
 g - a +0 cloak (worn)
Jewellery
 k - a ring of fire
Scrolls
 h - a scroll of magic mapping {unknown}
 j - a scroll of vulnerability {unknown}
 m - a scroll of noise {unknown}
 o - a scroll of identify {unknown}
 p - a scroll of brand weapon {unknown}
 q - a scroll of fear {unknown}
Potions
 d - a potion of might
 e - 2 potions of attraction {unknown}
 f - 2 potions of curing
 i - a potion of cancellation {unknown}
 l - a potion of magic {unknown}
 r - a potion of heal wounds {unknown}
 s - a potion of lignification {unknown}


   Skills:
 + Level 4.4 Fighting
 + Level 3.7 Axes
 + Level 3.9 Armour
 + Level 4.0 Shields


You had 3 spell levels left.
You didn't know any spells.
Your spell library contained the following spells:

 Spells                   Type           Power      Damage    Failure   Level
 Portal Projectile        Hex/Tloc       0%         N/A       99%         3
 Tukima's Dance           Hex            0%         N/A       99%         3
 Blade Hands              Tmut           0%         N/A       100%        5


Dungeon Overview and Level Annotations

Branches:
Dungeon (3/15)

Altars:

Shops:
D:1 (

Annotations:
D:3 Robin


Message History

Unknown command.
You closely miss the gnoll.
The gnoll is heavily wounded.
The gnoll closely misses you. The gnoll completely misses you.
The gnoll hits you but does no damage. The gnoll hits you with a +0 whip.
Unknown command.
You slash the gnoll!
You kill the gnoll!
The gnoll barely misses you. You block the gnoll's attack.
Your Shields skill increases to level 4!
Unknown command.
The gnoll barely misses you. x2
You barely miss the gnoll. You closely miss the gnoll.
You block the gnoll's attack. The gnoll barely misses you.
The gnoll hits you but does no damage. The gnoll hits you with a +0 spear.
Unknown command.
You hit the gnoll.
The gnoll is moderately wounded.
You hit the gnoll. You barely miss Robin. The gnoll barely misses you.
Robin hits you with a +2 falchion of holy wrath.
The gnoll hits you with a +0 halberd.
Unknown command.
You closely miss the gnoll.
The gnoll is moderately wounded.
You barely miss Robin. You hit the gnoll. Robin misses you.
The gnoll hits you but does no damage. The gnoll barely misses you.
You hit the gnoll.
The gnoll is severely wounded.
You slash Robin! You slash the gnoll!
Robin drinks a potion.
Robin is healed!
The gnoll hits you with a +0 halberd. The gnoll hits you with a +0 spear.
Robin hits you with a +2 falchion of holy wrath.
The gnoll hits you with a +0 halberd.
* * * LOW HITPOINT WARNING * * *
The gnoll hits you with a +0 spear.
* * * LOW HITPOINT WARNING * * *
You are too injured to fight recklessly!
Unknown command.
You feel better. You block the gnoll's attack.
The gnoll hits you with a +0 halberd!
You die...

~#.............
##.............
...............
#.............
###.............
................
.........)......
........<.......
.......@........
......ggg.......
................
.....:###...####
....## ...# ....
....# ... ..[...
.. .....


You could see Robin and 2 gnolls.

Vanquished Creatures
  2 gnolls
  A worm (D:2)
  A dart slug (D:1)
  A ball python (D:1)
  5 endoplasms
  9 goblins
  8 hobgoblins
  4 jackals
  3 kobolds (D:2)
  4 quokkas
  4 bats
  3 frilled lizards
  6 rats
51 creatures vanquished.

Notes
Turn   | Place    | Note
-------+----------+-------------------------------------------
     0 | D:1      | retardedninja the Hill Orc Fighter began the quest for the
                  | Orb.
     0 | D:1      | Reached XP level 1. HP: 19/19 MP: 1/1
   103 | D:1      | Reached XP level 2. HP: 24/27 MP: 2/2
   202 | D:1      | You fall into a shaft and drop 1 floor!
   555 | D:2      | Reached XP level 3. HP: 33/33 MP: 3/3
  1041 | D:1      | Found Caenirol's Antique Weapon Boutique.
  1352 | D:3      | Noticed Robin
  1586 | D:2      | Reached XP level 4. HP: 6/41 MP: 4/4
  1927 | D:3      | Slain by a gnoll

Illustrated notes

Levels and vault maps discovered:
D:1:      minmay_arrival_checkered_box, layout_basic, serial_shops,
          nicolae_shop_competitors_out_of_business, hangedman_decor_opposing,
          minmay_pentomino_q4
D:2:      layout_loops_ring
D:3:      layout_basic, gup_sewer_entry_glass, nicolae_underground_beach,
          uniq_robin

Skill      XL: |  1  2  3  4 |
---------------+-------------+-----
Axes           | 3 |  3.7
Fighting       | 4 |  4.4
Shields        | 4 |  4.0
Armour         | |  3.9

Action                   |  1- 3 |  4- 6 || total
-------------------------+-------+-------++-------
Melee: War axe           |   101 |    10 ||   111
  Use: Potion            |     1 |     1 ||     2
Armor: Scale mail        |    53 |     5 ||    58
Dodge: Dodged            |    80 |    11 ||    91
Block: Buckler           |    24 |     3 ||    27

Table legend: (Time is in decaauts)
 A = Elapsed time spent in this place.
 B = Non-inter-level travel time spent in this place.
 C = Inter-level travel time spent in this place.
 D = Time resting spent in this place.
 E = Time spent auto-exploring this place.
 F = Levels seen in this place.
 G = Mean time per level.
                   A        B        C        D        E       F      G
               +--------+--------+--------+--------+--------+-----+--------+
         Total |   1973 |   1916 |     57 |    539 |   1060 |   3 |  657.7 |
       Dungeon |   1973 |   1916 |     57 |    539 |   1060 |   3 |  657.7 |
               +--------+--------+--------+--------+--------+-----+--------+

Top non-repeatable levels by time:
     D:2: 1240 daAuts
     D:1: 714 daAuts
     D:3: 18 daAuts
